DBL
COLORADO ROCKIES @ NEW YORK METS
05/07/1997
 
TOP OF THE 1ST
Colorado Rockies batting - Pitching for New York Mets : RHP Manny Aybar
Pitching: RHP Manny Aybar
Batting: LHB Todd Helton 0-0: Ball
1-0: Ground out U3 (Groundball, 3, EV 101.9 MPH)
Batting: RHB Juan Gonzalez 0-0: Ball
1-0: Called Strike
1-1: SINGLE (Flyball, 8LS, EV 91.3 MPH)
Batting: SHB Dmitri Young 0-0: Called Strike
Juan Gonzalez steals 2nd base
0-1: Ball
1-1: SINGLE (Flyball, 8RS, EV 93.1 MPH)
Juan Gonzalez to third
Runner from 3rd tries for Home, throw by CF and OUT! 8-2
Dmitri Young to second
Batting: LHB Bob Hamelin 0-0: Called Strike
0-1: Foul Ball, location: 2F
0-2: Ball
1-2: Foul Ball, location: 2F
1-2: Foul Ball, location: 2F
1-2: Ball
2-2: Ground out 6-3 (Groundball, 6M, EV 91.9 MPH)
Top of the 1st over - 0 runs, 2 hits, 0 errors, 1 left on base; Colorado 0 - New York 0
BOTTOM OF THE 1ST
New York Mets batting - Pitching for Colorado Rockies : RHP Tom Rowe
Pitching: RHP Tom Rowe
Batting: LHB Cliff Floyd 0-0: Ground out 6-3 (Groundball, 6, EV 85.6 MPH)
Batting: RHB Magglio Ordonez 0-0: Fly out, F9 (Line Drive, 9, EV 95.0 MPH)
Batting: RHB Gary Sheffield 0-0: Fly out, F3 (Flyball, 34D, EV 78.1 MPH)
Bottom of the 1st over - 0 runs, 0 hits, 0 errors, 0 left on base; Colorado 0 - New York 0
TOP OF THE 2ND
Colorado Rockies batting - Pitching for New York Mets : RHP Manny Aybar
Batting: RHB Damion Easley 0-0: Ball
1-0: Called Strike
1-1: Ball
2-1: Ball
3-1: Base on Balls
Batting: RHB Steve Gibralter 0-0: Called Strike
0-1: Swinging Strike
0-2: Ball
1-2: Foul Ball, location: 2F
1-2: Foul Ball, location: 2F
1-2: Foul Ball, location: 2F
1-2: Ball
2-2: Strikes out swinging
Batting: LHB Keith Lockhart 0-0: Ball
Damion Easley steals 2nd base
1-0: Ball
2-0: Ground out 3-1 (Groundball, 34S, EV 68.1 MPH)
Damion Easley to third
Batting: LHB Chip Hale 0-0: Swinging Strike
0-1: Swinging Strike
0-2: Ball
1-2: Ball
2-2: Strikes out swinging
Top of the 2nd over - 0 runs, 0 hits, 0 errors, 1 left on base; Colorado 0 - New York 0
BOTTOM OF THE 2ND
New York Mets batting - Pitching for Colorado Rockies : RHP Tom Rowe
Batting: RHB Sammy Sosa 0-0: Ball
1-0: Ball
2-0: Foul Ball, location: 2F
2-1: Ball
3-1: Base on Balls
Batting: RHB Phil Nevin 0-0: Ball
1-0: Called Strike
1-1: Called Strike
1-2: SINGLE (Groundball, 56D, EV 104.4 MPH)
Sammy Sosa to second
Sammy Sosa to third
Batting: RHB Greg Colbrunn 0-0: Ball
1-0: Ball
2-0: Fielders Choice at 2nd, 6-4 (Groundball, 6, EV 91.9 MPH)
Sammy Sosa scores
Batting: RHB Bret Boone 0-0: Ball
1-0: Foul Ball, location: 2F
1-1: Ball
2-1: Fielders Choice at 2nd, 6-4 (Groundball, 56, EV 96.3 MPH)
Batting: LHB B.J. Surhoff 0-0: Ball
1-0: Called Strike
1-1: Ball
2-1: Ball
3-1: Swinging Strike
3-2: Foul Ball, location: 2F
3-2: Fly out, F8 (Flyball, 8LM, EV 89.4 MPH)
Bottom of the 2nd over - 1 run, 1 hit, 0 errors, 1 left on base; Colorado 0 - New York 1
TOP OF THE 3RD
Colorado Rockies batting - Pitching for New York Mets : RHP Manny Aybar
Batting: SHB Brian Banks 0-0: Ball
1-0: Called Strike
1-1: Foul Ball, location: 2F
1-2: Fly out, F4 (Popup, 4MD, EV 60.6 MPH)
Batting: LHB Todd Helton 0-0: Ball
1-0: Swinging Strike
1-1: Called Strike
1-2: Fly out, F8 (Line Drive, 8LD, EV 97.5 MPH)
Batting: RHB Juan Gonzalez 0-0: Called Strike
0-1: Ground out 6-3 (Groundball, 6, EV 82.5 MPH)
Top of the 3rd over - 0 runs, 0 hits, 0 errors, 0 left on base; Colorado 0 - New York 1
BOTTOM OF THE 3RD
New York Mets batting - Pitching for Colorado Rockies : RHP Tom Rowe
Batting: LHB Tony Tarasco 0-0: Ball
1-0: Swinging Strike
1-1: Ball
2-1: Ball
3-1: Called Strike
3-2: Fly out, F6 (Popup, 6MD, EV 55.0 MPH)
Batting: LHB Cliff Floyd 0-0: SOLO HOME RUN (Flyball, 9D, EV 103.1 MPH), Distance : 358 ft
Batting: RHB Magglio Ordonez 0-0: Called Strike
0-1: Hit by Pitch
Batting: RHB Gary Sheffield 0-0: SINGLE (Groundball, 4MD, EV 94.4 MPH)
Magglio Ordonez to second
Runner from 2nd tries for 3rd, SAFE, throw by CF made to third
Batting: RHB Sammy Sosa 0-0: Ball
Gary Sheffield steals 2nd base
1-0: Foul Ball, location: 2F
1-1: 3-RUN HOME RUN (Flyball, 89XD, EV 108.8 MPH), Distance : 414 ft
Batting: RHB Phil Nevin 0-0: Called Strike
0-1: Ball
1-1: Ball
2-1: Fly out, F8 (Line Drive, 8LD, EV 94.4 MPH)
Batting: RHB Greg Colbrunn 0-0: DOUBLE (Flyball, 8RXD, EV 108.1 MPH)
Batting: RHB Bret Boone 0-0: Ball
1-0: Ball
2-0: Ball
3-0: Called Strike
3-1: Fly out, F2 (Popup, 2RF, EV 91.9 MPH)
Bottom of the 3rd over - 4 runs, 4 hits, 0 errors, 1 left on base; Colorado 0 - New York 5
TOP OF THE 4TH
Colorado Rockies batting - Pitching for New York Mets : RHP Manny Aybar
Batting: SHB Dmitri Young 0-0: Ball
1-0: Ball
2-0: Ball
3-0: Called Strike
3-1: Fly out, F6 (Flyball, 56D, EV 91.3 MPH)
Batting: LHB Bob Hamelin 0-0: Called Strike
0-1: Called Strike
0-2: Strikes out swinging
Batting: RHB Damion Easley 0-0: Ball
1-0: Called Strike
1-1: Called Strike
1-2: Strikes out swinging
Top of the 4th over - 0 runs, 0 hits, 0 errors, 0 left on base; Colorado 0 - New York 5
BOTTOM OF THE 4TH
New York Mets batting - Pitching for Colorado Rockies : RHP Tom Rowe
Batting: LHB B.J. Surhoff 0-0: Ball
1-0: Called Strike
1-1: Fly out, F7 (Flyball, 7LD, EV 81.3 MPH)
Batting: LHB Tony Tarasco 0-0: Swinging Strike
0-1: Swinging Strike
0-2: Ball
1-2: Ball
2-2: Strikes out swinging
Batting: LHB Cliff Floyd 0-0: SINGLE (Flyball, 89S, EV 86.9 MPH)
Batting: RHB Magglio Ordonez 0-0: Ball
1-0: Foul Ball, location: 2F
1-1: Foul Ball, location: 2F
1-2: Strikes out swinging
Bottom of the 4th over - 0 runs, 1 hit, 0 errors, 1 left on base; Colorado 0 - New York 5
TOP OF THE 5TH
Colorado Rockies batting - Pitching for New York Mets : RHP Manny Aybar
Batting: RHB Steve Gibralter 0-0: Called Strike
0-1: Fly out, F2 (Popup, 23F, EV 80.0 MPH)
Batting: LHB Keith Lockhart 0-0: Ball
1-0: SINGLE (Groundball, 34D, EV 108.1 MPH)
Batting: LHB Chip Hale 0-0: Fly out, F7 (Flyball, 7LDF, EV 78.1 MPH)
Batting: SHB Brian Banks 0-0: Ball
1-0: Foul Ball, location: 2F
1-1: Foul Ball, location: 2F
1-2: Strikes out looking
Top of the 5th over - 0 runs, 1 hit, 0 errors, 1 left on base; Colorado 0 - New York 5
BOTTOM OF THE 5TH
New York Mets batting - Pitching for Colorado Rockies : RHP Tom Rowe
Batting: RHB Gary Sheffield 0-0: Foul Ball, location: 2F
0-1: Foul Ball, location: 2F
0-2: Ball
1-2: Ground out 6-3 (Groundball, 6, EV 84.4 MPH)
Batting: RHB Sammy Sosa 0-0: Ball
1-0: SINGLE (Groundball, 4D, EV 93.8 MPH)
Batting: RHB Phil Nevin 0-0: Called Strike
0-1: Foul Ball, location: 2F
0-2: Ball
1-2: Ground out 6-3 (Groundball, 56, EV 86.9 MPH)
Sammy Sosa to second
Batting: RHB Greg Colbrunn 0-0: Called Strike
0-1: Called Strike
0-2: Ball
1-2: Ball
2-2: Ground out 5-3 (Groundball, 56S, EV 85.0 MPH)
Bottom of the 5th over - 0 runs, 1 hit, 0 errors, 1 left on base; Colorado 0 - New York 5
TOP OF THE 6TH
Colorado Rockies batting - Pitching for New York Mets : RHP Manny Aybar
Batting: LHB Todd Helton 0-0: Ball
1-0: Called Strike
1-1: Swinging Strike
1-2: Foul Ball, location: 2F
1-2: Ball
2-2: Fly out, F9 (Flyball, 9, EV 81.9 MPH)
Batting: RHB Juan Gonzalez 0-0: Foul Ball, location: 2F
0-1: Ball
1-1: Ball
2-1: Ball
3-1: Foul Ball, location: 2F
3-2: SINGLE (Groundball, 4MD, EV 94.4 MPH)
Batting: SHB Dmitri Young 0-0: Called Strike
0-1: Ball
1-1: Fielders Choice at 2nd, 1-4 (Groundball, 15, EV 67.5 MPH)
Batting: LHB Bob Hamelin 0-0: Ball
1-0: Ball
2-0: Ball
3-0: Called Strike
3-1: Called Strike
3-2: Base on Balls
Dmitri Young to second
Batting: RHB Damion Easley 0-0: Called Strike
0-1: Fielders Choice at 2nd, 6-4 (Groundball, 4M, EV 80.6 MPH)
Top of the 6th over - 0 runs, 1 hit, 0 errors, 2 left on base; Colorado 0 - New York 5
BOTTOM OF THE 6TH
New York Mets batting - Pitching for Colorado Rockies : RHP Tom Rowe
Batting: RHB Bret Boone 0-0: Swinging Strike
0-1: Ball
1-1: Fly out, F7 (Flyball, 7D, EV 89.4 MPH)
Batting: LHB B.J. Surhoff 0-0: Foul Ball, location: 2F
0-1: Ball
1-1: Foul Ball, location: 2F
1-2: Ball
2-2: Strikes out swinging
Batting: LHB Tony Tarasco 0-0: Called Strike
0-1: Fly out, F8 (Flyball, 89D, EV 99.4 MPH)
Bottom of the 6th over - 0 runs, 0 hits, 0 errors, 0 left on base; Colorado 0 - New York 5
TOP OF THE 7TH
Colorado Rockies batting - Pitching for New York Mets : RHP Manny Aybar
Batting: RHB Steve Gibralter 0-0: Fly out, F7 (Flyball, 7S, EV 90.0 MPH)
Batting: LHB Keith Lockhart 0-0: Called Strike
0-1: Ground out 4-3 (Groundball, 4, EV 91.9 MPH)
Batting: LHB Chip Hale 0-0: Called Strike
0-1: Ball
1-1: Ball
2-1: Foul Ball, location: 2F
2-2: Ground out U3 (Groundball, 3, EV 86.9 MPH)
Top of the 7th over - 0 runs, 0 hits, 0 errors, 0 left on base; Colorado 0 - New York 5
BOTTOM OF THE 7TH
New York Mets batting - Pitching for Colorado Rockies : RHP Tom Rowe
Batting: LHB Cliff Floyd 0-0: Ball
1-0: Ball
2-0: Ball
3-0: Called Strike
3-1: Base on Balls
Batting: RHB Magglio Ordonez 0-0: Ball
1-0: Ball
2-0: Foul Ball, location: 2F
2-1: Ball
3-1: Fielders Choice at 2nd, 4-6 (Groundball, 4, EV 83.1 MPH)
Batting: RHB Gary Sheffield 0-0: SINGLE (Flyball, 8LS, EV 92.5 MPH)
Magglio Ordonez to second
Batting: RHB Sammy Sosa 0-0: Ball
1-0: Foul Ball, location: 2F
1-1: Ball
2-1: Called Strike
2-2: Ball
3-2: Strikes out swinging
Pitching: RHP John E. Farrell
Batting: RHB Phil Nevin 0-0: Ball
1-0: Fly out, F7 (Line Drive, 7, EV 93.8 MPH)
Bottom of the 7th over - 0 runs, 1 hit, 0 errors, 2 left on base; Colorado 0 - New York 5
TOP OF THE 8TH
Colorado Rockies batting - Pitching for New York Mets : RHP Manny Aybar
Pitching: RHP Jim Bullinger
Batting: SHB Brian Banks 0-0: Called Strike
0-1: Called Strike
0-2: Ball
1-2: Ball
2-2: Strikes out swinging
Batting: LHB Todd Helton 0-0: Called Strike
0-1: Ball
1-1: Ball
2-1: Ground out 4-3 (Groundball, 4, EV 103.8 MPH)
Batting: RHB Juan Gonzalez 0-0: Ball
1-0: Ball
2-0: Foul Ball, location: 2F
2-1: Foul Ball, location: 2F
2-2: Fly out, F9 (Flyball, 9LS, EV 86.9 MPH)
Top of the 8th over - 0 runs, 0 hits, 0 errors, 0 left on base; Colorado 0 - New York 5
BOTTOM OF THE 8TH
New York Mets batting - Pitching for Colorado Rockies : RHP John E. Farrell
Batting: RHB Greg Colbrunn 0-0: Ball
1-0: SINGLE (Groundball, 56D, EV 104.4 MPH)
Batting: RHB Bret Boone 0-0: Ball
1-0: Called Strike
1-1: Called Strike
1-2: Fly out, F7 (Line Drive, 7D, EV 99.4 MPH)
Batting: LHB B.J. Surhoff 0-0: Called Strike
0-1: Fly out, F7 (Flyball, 7D, EV 103.1 MPH)
Batting: LHB Tony Tarasco 0-0: 2-RUN HOME RUN (Flyball, 89XD, EV 103.8 MPH), Distance : 379 ft
Batting: LHB Cliff Floyd 0-0: Ball
1-0: Foul Ball, location: 2F
1-1: Ball
2-1: Ground out 1-3 (Groundball, 34S, EV 73.1 MPH)
Bottom of the 8th over - 2 runs, 2 hits, 0 errors, 0 left on base; Colorado 0 - New York 7
TOP OF THE 9TH
Colorado Rockies batting - Pitching for New York Mets : RHP Jim Bullinger
Batting: SHB Dmitri Young 0-0: Ground out 4-3 (Groundball, 4, EV 90.0 MPH)
Batting: LHB Bob Hamelin 0-0: Called Strike
0-1: Ball
1-1: Ground out 6-3 (Groundball, 6S, EV 85.0 MPH)
Batting: RHB Damion Easley 0-0: Called Strike
0-1: Ball
1-1: Ball
2-1: Ball
3-1: Fly out, F8 (Flyball, 8LD, EV 102.5 MPH)
Top of the 9th over - 0 runs, 0 hits, 0 errors, 0 left on base; Colorado 0 - New York 7
Thursday, February 5th, 2026 - OOTP Baseball 20.8 Build 74